 Dungeon Crawl Stone Soup version 0.28.0 (webtiles) character file.

Game seed: 17697267556249971627

98 crazypyro the Ducker (level 4, -13/44 HPs)
             Began as an Ogre Wanderer on Feb 16, 2022.
             Killed from afar by an orc wizard (14 damage)
             ... with a puff of flame
             ... on level 3 of the Dungeon.
             The game lasted 00:03:14 (1909 turns).

crazypyro the Ducker (Ogre Wanderer)                Turns: 1909, Time: 00:03:14

Health: -13/44     AC:  3    Str: 16    XL:     4   Next: 69%
Magic:  4/4        EV: 10    Int: 12    God:
Gold:   74         SH:  0    Dex: 11    Spells: 3/3 levels left

rFire   . . .      SeeInvis .   a - +3 hand crossbow
rCold   . . .      Faith    .   (no shield)
rNeg    . . .      Spirit   .   e - +0 robe
rPois   .          Reflect  .   d - +0 hat
rElec   .          Harm     .   (no cloak)
rCorr   .          Rampage  .   (gloves unavailable)
Will    .....                   (boots unavailable)
Stlth   +.........              (no amulet)
HPRegen 0.14/turn               (no ring)
MPRegen 0.09/turn               (no ring)

@: no status effects
A: large, unfitting armour, tough skin 1
a: no special abilities


You were on level 3 of the Dungeon.
You visited 1 branch of the dungeon, and saw 3 of its levels.

You collected 74 gold pieces.

Inventory:

Hand Weapons
 a - a +3 hand crossbow (weapon)
 b - a +0 flail
 c - a +0 hand axe
Armour
 d - a +0 hat (worn)
 e - a +0 robe (worn)
Scrolls
 g - a scroll of fog {unknown}
 i - a scroll of enchant armour {unknown}
 j - a scroll of blinking {unknown}
 l - a scroll of noise {unknown}
 n - 4 scrolls of identify {unknown}
Potions
 f - a potion of haste {unknown}
 h - a potion of resistance {unknown}
 k - a potion of curing {unknown}
 m - a potion of mutation {unknown}
 o - a potion of magic {unknown}
 p - a potion of lignification {unknown}
 r - a potion of flight {unknown}


   Skills:
 + Level 2.8 Fighting
 - Level 1.0(1.8) Axes
 * Level 2.2(2.3) Maces & Flails
 + Level 3.3 Crossbows
 + Level 4.0 Dodging


You had 3 spell levels left.
You didn't know any spells.
Your spell library contained the following spells:

 Spells                   Type           Power      Damage    Failure   Level
 Corpse Rot               Necr/Air       0%         N/A       45%         2
 Poisonous Vapours        Pois/Air       0%         N/A       45%         2


Dungeon Overview and Level Annotations

Branches:
Dungeon (3/15)

Altars:
Fedhas


Innate Abilities, Weirdness & Mutations

You are too large for most types of armour.
You have tough skin. (AC +1)


Message History

The ball python bites you.
You shoot a bolt. The bolt closely misses the orc.
The orc barely misses you. The ball python misses you.
The orc hits you with a +0 flail. The orc barely misses you.
The ball python barely misses you.
You shoot a bolt. The bolt hits the orc!
You kill the orc!
The ball python bites you.
You shoot a bolt. The bolt hits the ball python!
You kill the ball python!
Something hits you. x2
The orc wizard hits you with a +0 dagger.
You shoot a bolt. The bolt barely misses the orc wizard.
The bolt hits the orc.
You kill the orc!
You hear some strange, mumbled words.
A puff of flame appears from out of thin air!
The puff of flame hits you!
The orc wizard hits you with a +0 dagger.
You hear some strange, mumbled words.
You are confused.
Nothing quivered!
You bump into the rock wall.
Something hits you.
You miss something. Something hits you but does no damage.
The orc wizard hits you with a +0 dagger.
* * * LOW HITPOINT WARNING * * *
The orc wizard casts a spell at you. The puff of flame hits you!
* * * LOW HITPOINT WARNING * * *
Something hits you.
* * * LOW HITPOINT WARNING * * *
You're too confused to move!
The orc wizard completely misses you.
You hear some strange, mumbled words.
Something tries to affect you, but you resist.
Unknown command.
You feel less confused.
You hear some strange, mumbled words.
A puff of flame appears from out of thin air!
The puff of flame hits you!
You die...

#........# #.#.>(.#.##
#.#(...)..# #.....((###
#.....#.# ...#...#.##
.. #..†#o{######
≈≈≈≈≈P.##....#......###
.≈≈≈≈..#...#.##@.......
≈≈≈≈...#.#...##........
.≈.≈≈♣...##...#.......>
≈.≈.≈.......#..........
.≈.P...................
.P♣....................
.......†.......########
....#...<......##...#
#.....(††...........#


You could see an orc wizard.

Vanquished Creatures
  3 adders (D:2)
  A worm (D:3)
  2 dart slugs
  4 orcs
  4 bats
  7 endoplasms
  5 giant cockroaches
  A jackal (D:2)
  6 kobolds
  5 quokkas
  12 ball pythons
  3 frilled lizards
  3 goblins
  2 rats
58 creatures vanquished.

Vanquished Creatures (others)
  2 plants (D:2)
2 creatures vanquished.

Grand Total: 60 creatures vanquished

Notes
Turn   | Place    | Note
-------+----------+-------------------------------------------
     0 | D:1      | crazypyro the Ogre Wanderer began the quest for the Orb.
     0 | D:1      | crazypyro set off with the following items: a +2 hand
                  | crossbow, 20 bolts, a +0 hand axe, a +0 hat, a +0 robe
     0 | D:1      | Reached XP level 1. HP: 19/19 MP: 1/1
   113 | D:1      | Reached XP level 2. HP: 28/28 MP: 2/2
   295 | D:1      | Reached skill level 1 in Maces & Flails
   880 | D:2      | Found a faded altar of an unknown god.
   899 | D:2      | Reached XP level 3. HP: 35/35 MP: 3/3
  1408 | D:2      | Reached XP level 4. HP: 33/44 MP: 4/4
  1521 | D:2      | Found a blossoming altar of Fedhas.
  1715 | D:3      | Reached skill level 4 in Dodging
  1907 | D:3      | HP: 2/44 [orc wizard/puff of flame (11)]
  1909 | D:3      | Killed from afar by an orc wizard

Illustrated notes

Levels and vault maps discovered:
D:1:      sevenhm_arrival_forest_fort_small_4, layout_basic, bh_walls_and_bars
D:2:      layout_loops_ring, basic_altar,
          hellmonk_ecumenical_altar_slurped_away, minmay_shallow_snake_nest
D:3:      layout_rooms, minmay_misc_feat_hallway, serial_bayou_pond_b

Skill      XL: |  1  2  3  4 |
---------------+-------------+-----
Crossbows      | 3 |  3.3
Maces & Flails | 1 2 |  2.2
Fighting       | 2 |  2.8
Dodging        | 4 |  4.0
Axes           | |  1.0

Action                   |  1- 3 |  4- 6 || total
-------------------------+-------+-------++-------
Melee: Hand axe          |     2 |       ||     2
       Hand crossbow     |       |     1 ||     1
 Fire: Hand crossbow     |    82 |    30 ||   112
  Use: Scroll            |     2 |       ||     2
Armor: Robe              |     7 |    10 ||    17
Dodge: Dodged            |    11 |    19 ||    30
